 Dungeon Crawl Stone Soup version 0.19.4 (webtiles) character file.

3780 Jerry the Basher (level 10, -2/106 HPs)
             Began as an Ogre Fighter on Jan 30, 2017.
             Was a Follower of Okawaru.
             Slain by flsc's ghost (6 damage)
             ... on level 9 of the Dungeon.
             The game lasted 00:24:03 (9812 turns).

Jerry the Basher (Ogre Fighter)                     Turns: 9812, Time: 00:24:04

Health: -2/106     AC:  5    Str: 23    XL:     10   Next: 16%
Magic:  0/10       EV: 12    Int:  7    God:    Okawaru [*.....]
Gold:   502        SH: 10    Dex: 16    Spells: 0 memorised, 9 levels left

rFire  + . .     SeeInvis .     y - +2 whip (freeze)
rCold  . . .     Gourm    .     b - +0 robe
rNeg   + . .     Faith    .     c - +0 shield
rPois  +         Spirit   +     (helmet restricted)
rElec  .         Reflect  .     t - +1 cloak
rCorr  .         Harm     .     (gloves unavailable)
MR     ++...                    (boots unavailable)
Stlth  +.........               n - amulet "Ykichoon" {Spirit rPois MR+ Dex+4}
                                w - ring of positive energy
                                m - ring of protection from fire

@: hasted, very quick
A: unfitting armour, tough skin 1
a: Heroism, Renounce Religion


You were on level 9 of the Dungeon.
You worshipped Okawaru.
Okawaru was aware of your devotion.
You were not hungry.

You visited 2 branches of the dungeon, and saw 10 of its levels.

You collected 502 gold pieces.

Inventory:

Hand Weapons
 y - a +2 whip of freezing (weapon)
Armour
 b - a +0 robe (worn)
 c - a +0 shield (worn)
 t - a +1 cloak (worn)
Jewellery
 m - a ring of protection from fire (left hand)
 n - the amulet "Ykichoon" (around neck) {Spirit rPois MR+ Dex+4}
   (You found it on level 8 of the Dungeon)

   [amulet of guardian spirit]

   It causes incoming damage to be split between your health and magic.
   It affects your dexterity (+4).
   It protects you from poison.
   It affects your resistance to hostile enchantments.
 w - a ring of positive energy (right hand)
Wands
 d - a wand of digging (19/24)
 D - a wand of confusion (13/48)
 E - a wand of acid (9/15)
Scrolls
 i - 4 scrolls of teleportation
 l - 2 scrolls of fear
 p - a scroll of remove curse
 v - a scroll of amnesia
 x - a scroll of identify
 B - a scroll of blinking
Potions
 a - a potion of haste
 e - a potion of heal wounds
 h - a potion of magic
 j - 2 potions of brilliance
 k - 2 potions of curing {unknown}
 o - 3 potions of beneficial mutation {unknown}
 q - a potion of flight {unknown}
 r - a potion of lignification {unknown}
 u - a potion of mutation {unknown}
 z - a potion of cancellation {unknown}
Comestibles
 f - 5 bread rations
 s - 3 fruits
 A - 3 meat rations


   Skills:
 + Level 8.7 Fighting
 * Level 10.8 Maces & Flails
 + Level 4.9 Armour
 + Level 6.1 Dodging
 - Level 5.8 Shields
 + Level 0.0 Invocations


You had 9 spell levels left.
You didn't know any spells.

Dungeon Overview and Level Annotations

Branches:
Dungeon (9/15)             Temple (1/1) D:4
   Lair: D:8-11         Orc: D:9-12

Altars:
Ashenzari
Cheibriados
Dithmenos
Elyvilon
Fedhas
Gozag
Hepliaklqana
Kikubaaqudgha
Makhleb
Nemelex Xobeh
Okawaru
Qazlal
Sif Muna
Trog
Uskayaw
Vehumet
Xom
Zin
The Shining One

Shops:
D:8 !

Annotations:
D:8 Gastronok
D:9 flsc's ghost, novice MiFi


Innate Abilities, Weirdness & Mutations

You are too large for most types of armour.
You have tough skin. (AC +1)


Message History

You whack flsc's ghost! You freeze flsc's ghost.
Flsc's ghost is heavily damaged.
You whack flsc's ghost! You freeze flsc's ghost.
Flsc's ghost is heavily damaged.
Flsc's ghost hits you!
You hit flsc's ghost but do no damage.
Flsc's ghost is heavily damaged.
You hit flsc's ghost but do no damage.
Flsc's ghost is heavily damaged.
You feel like a meek peon again. Flsc's ghost hits you!!
* * * LOW HITPOINT WARNING * * *
x2 You are too injured to fight recklessly!
You are too injured to fight recklessly!
You feel much better. Flsc's ghost hits you!
You feel much better. Flsc's ghost hits you!!
* * * LOW HITPOINT WARNING * * *
x2 You feel yourself speed up.
Flsc's ghost hits you!!
* * * LOW HITPOINT WARNING * * *
You die...

###########.#
#######............ .
#............##########..#
#.#####.####.###.........#
#.# #.##....@WY.....##.
#.# #.##.#.###.####.# #.#
.....#.# #.# # #<# ..##
#.# #.# #.# #..# #.# #.#
#.# #..# #.# #.# #.# #.#
#.# #.# #. #.# #..


You could see a yak and flsc's ghost.

Vanquished Creatures
  Pikel (D:5)
  Psyche (D:8)
  Grinder (D:3)
  Sigmund (D:4)
  2 water moccasins
  4 orc warriors
  Purgy (D:4)
  A slave (D:5)
  An ice beast (D:5)
  A phantom (D:8)
  A necrophage (D:7)
  3 centaurs
  An ogre (D:6)
  2 bullfrogs
  2 scorpions
  A wight (D:7)
  2 crimson imps (D:7)
  A bullfrog zombie (D:7)
  4 hounds
  A quasit (D:8)
  A centaur skeleton (D:5)
  2 jellies
  A bullfrog skeleton (D:8)
  3 orc priests
  6 orc wizards
  Natasha (D:2)
  3 iguanas
  7 worker ants
  A killer bee zombie (D:7)
  A worker ant zombie (D:7)
  3 gnolls (D:6)
  6 adders
  2 shadow imps (D:6)
  2 oozes (D:1)
  An adder skeleton (D:6)
  4 adder zombies
  A worm (D:3)
  3 leopard geckos
  28 orcs
  2 bats (D:1)
  7 giant cockroaches
  11 goblins
  8 hobgoblins
  2 jackals (D:7)
  4 quokkas
  4 ball pythons
  2 frilled lizards (D:1)
  A giant cockroach zombie (D:5)
  7 kobolds
  2 quokka skeletons
  5 rats
163 creatures vanquished.

Vanquished Creatures (others)
  A crimson imp (D:5)
  A plant (D:3)
2 creatures vanquished.

Grand Total: 165 creatures vanquished

Notes
Turn   | Place    | Note
-------+----------+-------------------------------------------
     0 | D:1      | Jerry the Ogre Fighter began the quest for the Orb.
     0 | D:1      | Reached XP level 1. HP: 24/24 MP: 1/1
   240 | D:1      | Reached skill level 3 in Maces & Flails
   240 | D:1      | Reached XP level 2. HP: 31/32 MP: 2/2
   666 | D:1      | Reached XP level 3. HP: 37/39 MP: 3/3
   962 | D:2      | Reached skill level 1 in Armour
  1221 | D:2      | Found a burning altar of Makhleb.
  1354 | D:2      | Reached XP level 4. HP: 47/49 MP: 4/4
  1513 | D:3      | Noticed Natasha
  1549 | D:2      | Killed Natasha
  1549 | D:2      | Reached skill level 4 in Maces & Flails
  1795 | D:3      | Noticed Grinder
  1825 | D:3      | Killed Grinder
  1825 | D:3      | Reached skill level 5 in Fighting
  1825 | D:3      | Reached skill level 5 in Maces & Flails
  1825 | D:3      | Reached XP level 5. HP: 33/57 MP: 5/5
  1825 | D:3      | Reached XP level 6. HP: 38/66 MP: 6/6
  2574 | D:4      | Found a staircase to the Ecumenical Temple.
  2596 | D:4      | Noticed Sigmund
  2625 | Temple   | Entered the Ecumenical Temple
  3554 | D:4      | Killed Sigmund
  3554 | D:4      | Reached XP level 7. HP: 51/75 MP: 7/7
  3944 | D:4      | Reached skill level 6 in Maces & Flails
  4330 | D:4      | Noticed Purgy
  4353 | D:4      | Killed Purgy
  5042 | D:5      | Entered Level 5 of the Dungeon
  5113 | D:5      | Reached XP level 8. HP: 34/84 MP: 8/8
  5506 | D:5      | Reached skill level 7 in Maces & Flails
  5715 | D:5      | Noticed Pikel
  5735 | D:5      | Killed Pikel
  5735 | D:5      | Reached skill level 8 in Maces & Flails
  6349 | D:6      | Found an iron altar of Okawaru.
  6633 | D:5      | Reached skill level 5 in Dodging
  6633 | D:5      | Reached XP level 9. HP: 72/93 MP: 9/9
  6813 | D:6      | Reached skill level 9 in Maces & Flails
  6813 | D:6      | Reached skill level 5 in Shields
  7160 | D:6      | Found a glowing silver altar of Zin.
  7160 | D:6      | Found a radiant altar of Vehumet.
  7161 | D:6      | Found a shattered altar of Ashenzari.
  7164 | D:6      | Found a blossoming altar of Fedhas.
  7164 | D:6      | Found a sparkling altar of Nemelex Xobeh.
  7167 | D:6      | Became a worshipper of Warmaster Okawaru
  8450 | D:8      | Reached skill level 10 in Maces & Flails
  8470 | D:8      | Got a glittering copper amulet
  8475 | D:8      | Identified the amulet "Ykichoon" {Spirit rPois MR+ Dex+4} (You found it on level 8 of the Dungeon)
  8511 | D:8      | Reached * piety under Okawaru
  8782 | D:8      | Noticed Psyche
  8798 | D:8      | Killed Psyche
  8798 | D:8      | Reached XP level 10. HP: 82/104 MP: 7/10
  9410 | D:8      | Found Cufij's Distillery.
  9644 | D:8      | Noticed Gastronok
  9783 | D:9      | Noticed flsc's ghost (novice MiFi)
  9812 | D:9      | HP: 4/106 [flsc's ghost (18)]
  9812 | D:9      | Slain by flsc's ghost

Skill      XL: |  1  2  3  4  5  6  7  8  9 10 |
---------------+-------------------------------+-----
Maces & Flails | 3 5 6 8 10 | 10.8
Armour         | 1 2 3 4 |  4.9
Shields        | 3 4 5 |  5.8
Dodging        | 3 4 5 6 |  6.1
Fighting       | 5 6 7 8 |  8.7

Action                   |  1- 3 |  4- 6 |  7- 9 | 10-12 || total
-------------------------+-------+-------+-------+-------++-------
Melee: Flail             |    79 |    10 |   136 |       ||   225
       Mace              |    41 |   142 |       |       ||   183
       Whip              |       |       |   362 |   128 ||   490
Invok: Heroism           |       |       |       |     1 ||     1
Evoke: Wand              |       |       |     5 |       ||     5
  Use: Potion            |       |     3 |       |     3 ||     6
       Scroll            |       |     5 |    10 |       ||    15
  Eat: Chunk             |     2 |     4 |    12 |     5 ||    23
       Beef jerky        |       |     1 |       |       ||     1
       Bread ration      |       |       |     1 |       ||     1
Armor: Robe              |    32 |    32 |    74 |    17 ||   155
Dodge: Dodged            |    52 |    50 |   148 |    48 ||   298
Block: Shield            |    72 |    64 |   205 |    50 ||   391
